BSA
NEW YORK KNIGHTS @ MADISON BOMBERS
06/10/2026
 
TOP OF THE 1ST
New York Knights batting - Pitching for Madison Bombers : RHP Bennie Jones
Pitching: RHP Bennie Jones
Batting: LHB Warren Potter 0-0: Ball
1-0: Called Strike
1-1: Ball
2-1: SINGLE (Groundball, 6MD) (infield hit)
Batting: RHB Pepe Carrasco 0-0: Ball
Warren Potter is caught stealing 2nd base
1-0: Called Strike
1-1: Ball
2-1: Ground out 3-1 (Groundball, 34)
Batting: LHB Troy Donaldson 0-0: Ball
1-0: Called Strike
1-1: Swinging Strike
1-2: Ball
2-2: Ball
3-2: Strikes out swinging
Top of the 1st over - 0 run(s), 1 hit(s), 0 error(s), 0 left on base; New York 0 - Madison 0
BOTTOM OF THE 1ST
Madison Bombers batting - Pitching for New York Knights : RHP Dale Reese
Pitching: RHP Dale Reese
Batting: RHB Guo-xiu Choi 0-0: Ball
1-0: Foul Ball, location: 2F
1-1: Ball
2-1: Fly out, F4 (Popup, 34D)
Batting: RHB Alonso Holguín 0-0: Called Strike
0-1: Ball
1-1: Ball
2-1: Foul Ball, location: 2F
2-2: Ball
3-2: Foul Ball, location: 2F
3-2: Foul Ball, location: 2F
3-2: Foul Ball, location: 2F
3-2: SINGLE (Groundball, 6MD)
Batting: LHB Seung-chun Mun 0-0: Called Strike
0-1: Ball
1-1: Ball
2-1: Grounds into double play, 1-4-3 (Groundball, 13S)
Bottom of the 1st over - 0 run(s), 1 hit(s), 0 error(s), 0 left on base; New York 0 - Madison 0
TOP OF THE 2ND
New York Knights batting - Pitching for Madison Bombers : RHP Bennie Jones
Batting: SHB Marvin Harris 0-0: Foul Ball, location: 2F
0-1: Fly out, F4 (Popup, 4)
Batting: LHB Tom Waller 0-0: Ball
1-0: Foul Ball, location: 2F
1-1: Ground out 1-3 (Groundball, 13)
Batting: RHB José Aguilera 0-0: Ball
1-0: Fly out, F8 (Flyball, 8RS)
Top of the 2nd over - 0 run(s), 0 hit(s), 0 error(s), 0 left on base; New York 0 - Madison 0
BOTTOM OF THE 2ND
Madison Bombers batting - Pitching for New York Knights : RHP Dale Reese
Batting: LHB Mike Callahan 0-0: Ball
1-0: Ball
2-0: Foul Ball, location: 2F
2-1: Ground out 1-3 (Groundball, 15)
Batting: RHB Vicente Aguirre 0-0: Ball
1-0: SOLO HOME RUN (Flyball, 78XD), Distance : 392 ft
Batting: RHB Sergio Márquez 0-0: Swinging Strike
0-1: Ball
1-1: Ball
2-1: Foul Ball, location: 2F
2-2: Ball
3-2: Ground out 1-3 (Groundball, 15S)
Batting: LHB Sixto Cantú 0-0: Ball
1-0: Ball
2-0: Ball
3-0: Called Strike
3-1: Swinging Strike
3-2: Base on Balls
Batting: SHB Dave MacThomas 0-0: Ball
1-0: Swinging Strike
1-1: Swinging Strike
1-2: Ground out 5-3 (Groundball, 5)
Bottom of the 2nd over - 1 run(s), 1 hit(s), 0 error(s), 1 left on base; New York 0 - Madison 1
TOP OF THE 3RD
New York Knights batting - Pitching for Madison Bombers : RHP Bennie Jones
Batting: RHB Sixto Vélez 0-0: Foul Ball, location: 2F
0-1: Called Strike
0-2: SINGLE (Line Drive, 56D)
Batting: RHB Lonnie Anderson 0-0: Swinging Strike
0-1: Called Strike
0-2: Ball
1-2: Foul Ball, location: 2F
1-2: Ball
2-2: Strikes out swinging
Batting: RHB Yasuhiko Sumita 0-0: Swinging Strike
0-1: Foul Ball, location: 2F
0-2: Ball
1-2: Foul Ball, location: 2F
1-2: Foul Ball, location: 2F
1-2: Foul Ball, location: 2F
1-2: Foul Ball, location: 2F
1-2: Ground out 5-3 (Groundball, 5S)
Sixto Vélez to second
Batting: LHB Warren Potter 0-0: SINGLE (Line Drive, 4M)
Sixto Vélez to third
Runner from 3rd tries for Home, SAFE, no throw or cutoff
Batting: RHB Pepe Carrasco 0-0: Ball
1-0: Foul Ball, location: 2F
1-1: Ball
2-1: Swinging Strike
2-2: Ball
3-2: Hit by Pitch
Warren Potter to second
Batting: LHB Troy Donaldson 0-0: Swinging Strike
0-1: Ball
1-1: Ball
Balk!
Warren Potter to third
Pepe Carrasco to second
2-1: Swinging Strike
2-2: Ball
3-2: Foul Ball, location: 2F
3-2: Strikes out swinging
Top of the 3rd over - 1 run(s), 2 hit(s), 0 error(s), 2 left on base; New York 1 - Madison 1
BOTTOM OF THE 3RD
Madison Bombers batting - Pitching for New York Knights : RHP Dale Reese
Batting: RHB Emílio Carrillo 0-0: Ball
1-0: Swinging Strike
1-1: Called Strike
1-2: Foul Ball, location: 2F
1-2: Ground out 3-1 (Groundball, 34)
Batting: RHB Guo-xiu Choi 0-0: Called Strike
0-1: Ball
1-1: TRIPLE (Flyball, 89D)
Batting: RHB Alonso Holguín 0-0: SINGLE (Line Drive, 3D)
Guo-xiu Choi scores
Batting: LHB Seung-chun Mun 0-0: Swinging Strike
0-1: Ball
1-1: Foul Ball, location: 2F
1-2: Strikes out swinging
Batting: LHB Mike Callahan 0-0: Ball
1-0: Ball
2-0: Foul Ball, location: 2F
2-1: Called Strike
2-2: Strikes out swinging
Bottom of the 3rd over - 1 run(s), 2 hit(s), 0 error(s), 1 left on base; New York 1 - Madison 2
TOP OF THE 4TH
New York Knights batting - Pitching for Madison Bombers : RHP Bennie Jones
Batting: SHB Marvin Harris 0-0: Swinging Strike
0-1: Ball
1-1: Ball
2-1: Called Strike
2-2: Strikes out looking
Batting: LHB Tom Waller 0-0: Called Strike
0-1: Ground out 4-3 (Groundball, 4S)
Batting: RHB José Aguilera 0-0: Ball
1-0: Called Strike
1-1: Ball
2-1: Fly out, F8 (Flyball, 8RS)
Top of the 4th over - 0 run(s), 0 hit(s), 0 error(s), 0 left on base; New York 1 - Madison 2
BOTTOM OF THE 4TH
Madison Bombers batting - Pitching for New York Knights : RHP Dale Reese
Batting: RHB Vicente Aguirre 0-0: Ball
1-0: Ball
2-0: SINGLE (Groundball, 6M)
Batting: RHB Sergio Márquez 0-0: Ball
1-0: Foul Ball, location: 2F
1-1: Foul Ball, location: 2F
1-2: Grounds into double play, 6-4-3 (Groundball, 6)
Batting: LHB Sixto Cantú 0-0: Called Strike
0-1: Ball
1-1: Foul Ball, location: 2F
1-2: Foul Ball, location: 2F
1-2: Foul Ball, location: 2F
1-2: Foul Ball, location: 2F
1-2: Strikes out swinging
Bottom of the 4th over - 0 run(s), 1 hit(s), 0 error(s), 0 left on base; New York 1 - Madison 2
TOP OF THE 5TH
New York Knights batting - Pitching for Madison Bombers : RHP Bennie Jones
Batting: RHB Sixto Vélez 0-0: Foul Ball, location: 2F
0-1: Called Strike
0-2: Fly out, F8 (Flyball, 8RXD)
Batting: RHB Lonnie Anderson 0-0: Foul Ball, location: 2F
0-1: Foul Ball, location: 2F
0-2: Ball
1-2: Ball
2-2: Foul Ball, location: 2F
2-2: Ground out 4-3 (Groundball, 4M)
Batting: RHB Yasuhiko Sumita 0-0: Called Strike
0-1: Ball
1-1: Called Strike
1-2: Ground out 1-3 (Groundball, 13)
Top of the 5th over - 0 run(s), 0 hit(s), 0 error(s), 0 left on base; New York 1 - Madison 2
BOTTOM OF THE 5TH
Madison Bombers batting - Pitching for New York Knights : RHP Dale Reese
Batting: SHB Dave MacThomas 0-0: Bunted foul
0-1: Foul Ball, location: 2F
0-2: Strikes out swinging
Batting: RHB Emílio Carrillo 0-0: Ball
1-0: Fly out, F3 (Line Drive, 3)
Batting: RHB Guo-xiu Choi 0-0: Ball
1-0: Ball
2-0: Ball
3-0: Called Strike
3-1: Foul Ball, location: 2F
3-2: Ground out 5-3 (Groundball, 5)
Bottom of the 5th over - 0 run(s), 0 hit(s), 0 error(s), 0 left on base; New York 1 - Madison 2
TOP OF THE 6TH
New York Knights batting - Pitching for Madison Bombers : RHP Bennie Jones
Batting: LHB Warren Potter 0-0: Ball
1-0: Ball
2-0: Called Strike
2-1: Ball
3-1: Foul Ball, location: 2F
3-2: Fly out, F8 (Flyball, 8LD)
Batting: RHB Pepe Carrasco 0-0: Called Strike
0-1: Ball
1-1: Ball
2-1: Ball
3-1: SINGLE (Line Drive, 9S)
Batting: LHB Troy Donaldson 0-0: Called Strike
0-1: Ball
1-1: Grounds into double play, 6-4-3 (Groundball, 6M)
Top of the 6th over - 0 run(s), 1 hit(s), 0 error(s), 0 left on base; New York 1 - Madison 2
BOTTOM OF THE 6TH
Madison Bombers batting - Pitching for New York Knights : RHP Dale Reese
Pitching: LHP Vic Watts
Batting: RHB Alonso Holguín 0-0: Ball
1-0: Foul Ball, location: 2F
1-1: Ball
2-1: Ground out 6-3 (Groundball, 6S)
Batting: LHB Seung-chun Mun 0-0: Ball
1-0: Ball
2-0: Swinging Strike
2-1: Swinging Strike
2-2: Strikes out looking
Batting: LHB Mike Callahan 0-0: Called Strike
0-1: Ball
1-1: Swinging Strike
1-2: Strikes out swinging
Bottom of the 6th over - 0 run(s), 0 hit(s), 0 error(s), 0 left on base; New York 1 - Madison 2
TOP OF THE 7TH
New York Knights batting - Pitching for Madison Bombers : RHP Bennie Jones
Batting: SHB Marvin Harris 0-0: Foul Ball, location: 2F
0-1: Ball
1-1: Ball
2-1: Called Strike
2-2: Foul Ball, location: 2F
2-2: Ball
3-2: DOUBLE (Line Drive, 89XD)
Batting: LHB Tom Waller 0-0: Ball
1-0: Ground out 4-3 (Groundball, 4)
Marvin Harris to third
Pinch Hitting: LHB Pablo Rivas 0-0: Swinging Strike
0-1: Swinging Strike
0-2: Foul Ball, location: 2F
0-2: Ball
1-2: Strikes out swinging
Pinch Hitting: LHB Vincente Sáenz 0-0: Ball
1-0: Called Strike
1-1: Ball
2-1: Ball
3-1: Foul Ball, location: 2F
3-2: Fly out, F8 (Line Drive, 8RD)
Top of the 7th over - 0 run(s), 1 hit(s), 0 error(s), 1 left on base; New York 1 - Madison 2
BOTTOM OF THE 7TH
Madison Bombers batting - Pitching for New York Knights : LHP Vic Watts
Now at 2B: Dan Hamilton
Now in LF: Pablo Rivas
Batting: RHB Vicente Aguirre 0-0: Ball
1-0: Ball
2-0: Ball
3-0: Fly out, F7 (Line Drive, 8LD)
Batting: RHB Sergio Márquez 0-0: Ball
1-0: Ball
2-0: Foul Ball, location: 2F
2-1: SINGLE (Line Drive, 6M)
Pinch Hitting: RHB Cris Fuentes 0-0: Fly out, F8 (Line Drive, 8LS)
Batting: SHB Dave MacThomas 0-0: Ball
1-0: Foul Ball, location: 2F
1-1: Foul Ball, location: 2F
1-2: Ball
2-2: Ball
3-2: Foul Ball, location: 2F
3-2: Strikes out swinging
Bottom of the 7th over - 0 run(s), 1 hit(s), 0 error(s), 1 left on base; New York 1 - Madison 2
TOP OF THE 8TH
New York Knights batting - Pitching for Madison Bombers : RHP Bennie Jones
Pitching: RHP Arturo Leal
Now at 1B: Cris Fuentes
Now at SS: Quinton Martínez
Batting: RHB Lonnie Anderson 0-0: Ball
1-0: Called Strike
1-1: Called Strike
1-2: Strikes out swinging
Batting: RHB Yasuhiko Sumita 0-0: Called Strike
0-1: Foul Ball, location: 2F
0-2: Strikes out swinging
Pitching: LHP Dave Carbone
Batting: LHB Warren Potter 0-0: Foul Ball, location: 2F
0-1: Foul Ball, location: 2F
0-2: Ground out 4-3 (Groundball, 34)
Top of the 8th over - 0 run(s), 0 hit(s), 0 error(s), 0 left on base; New York 1 - Madison 2
BOTTOM OF THE 8TH
Madison Bombers batting - Pitching for New York Knights : LHP Vic Watts
Pitching: LHP Leo Huggins
Batting: RHB Emílio Carrillo 0-0: Called Strike
0-1: Fly out, F9 (Flyball, 89M)
Batting: RHB Guo-xiu Choi 0-0: Ball
1-0: Called Strike
1-1: Foul Ball, location: 2F
1-2: Fly out, F2 (Popup, 2LF)
Batting: RHB Alonso Holguín 0-0: Ball
1-0: Foul Ball, location: 2F
1-1: Called Strike
1-2: Fly out, F4 (Popup, 4M)
Bottom of the 8th over - 0 run(s), 0 hit(s), 0 error(s), 0 left on base; New York 1 - Madison 2
TOP OF THE 9TH
New York Knights batting - Pitching for Madison Bombers : LHP Dave Carbone
Pitching: RHP Alonso Gallardo
Now in RF: José Santos
Batting: RHB Pepe Carrasco 0-0: Ball
1-0: Foul Ball, location: 2F
1-1: Swinging Strike
1-2: Ball
2-2: Strikes out looking
Batting: LHB Troy Donaldson 0-0: Called Strike
0-1: Ball
1-1: Ground out 4-3 (Groundball, 4)
Batting: SHB Marvin Harris 0-0: Foul Ball, location: 2F
0-1: Ball
1-1: Called Strike
1-2: Ball
2-2: Strikes out looking
Top of the 9th over - 0 run(s), 0 hit(s), 0 error(s), 0 left on base; New York 1 - Madison 2
Monday, December 5th, 2016 - OOTP Baseball 17.12 Build 75